 Dungeon Crawl Stone Soup version 0.20.1-1-g8b1a95d (webtiles) character file.

140 wnhky the Covered (level 5, -5/47 HPs)
             Began as a Minotaur Fighter on Sept 10, 2017.
             Slain by an ogre
             ... wielding a +0 giant club
              (7 damage)
             ... on level 3 of the Dungeon.
             The game lasted 00:02:42 (2005 turns).

wnhky the Covered (Minotaur Fighter)                Turns: 2005, Time: 00:02:43

Health: -5/47      AC:  7    Str: 20    XL:     5   Next: 2%
Magic:  4/4        EV:  8    Int:  5    God:
Gold:   119        SH:  9    Dex: 11    Spells: 4/4 levels left

rFire    . . .     SeeInvis .   a - +0 war axe
rCold    . . .     Gourm    .   c - +0 shield
rNeg     . . .     Faith    .   b - +0 scale mail
rPois    .         Spirit   .   (helmet restricted)
rElec    .         Reflect  .   (no cloak)
rCorr    .         Harm     .   (no gloves)
MR       .....                  (no boots)
Stlth    ..........             (no amulet)
Regen    0.2/turn               (no ring)
MPRegen  0.1/turn               (no ring)

@: no status effects
A: retaliatory headbutt, horns 2
a: no special abilities


You were on level 3 of the Dungeon.
You were not hungry.

You visited 1 branch of the dungeon, and saw 3 of its levels.

You collected 119 gold pieces.

Inventory:

Hand Weapons
 a - a +0 war axe (weapon)
Armour
 b - a +0 scale mail (worn)
 c - a +0 shield (worn)
Scrolls
 e - 2 scrolls of enchant weapon {unknown}
 i - 4 scrolls of identify {unknown}
 j - a scroll of noise {unknown}
 k - 2 scrolls of recharging {unknown}
 l - 2 scrolls of remove curse {unknown}
 q - a scroll of teleportation {unknown}
Potions
 d - 4 potions of might
 g - a potion of agility {unknown}
 m - a potion of brilliance {unknown}
 o - a potion of lignification {unknown}
 p - a potion of haste {unknown}
Comestibles
 f - 3 bread rations
 h - a royal jelly
 n - a meat ration


   Skills:
 * Level 4.5 Fighting
 * Level 3.4 Axes
 * Level 4.7 Armour
 + Level 1.2 Dodging
 * Level 4.6 Shields


You had 4 spell levels left.
You didn't know any spells.

Dungeon Overview and Level Annotations

Branches:
Dungeon (3/15)

Altars:


Innate Abilities, Weirdness & Mutations

You reflexively headbutt those who attack you in melee.
You have a pair of horns on your head.


Message History

You are too injured to fight recklessly!
You are too injured to fight recklessly!
You are too injured to fight recklessly!
You are too injured to fight recklessly!
You are too injured to fight recklessly!
You are too injured to fight recklessly!
There are monsters nearby!
You hit the ogre.
The ogre is lightly wounded.
You hit the hobgoblin.
You kill the hobgoblin!
The ogre hits you with a giant club!!
* * * LOW HITPOINT WARNING * * *
You hit the ogre. Your headbutt misses the ogre.
The ogre is moderately wounded.
The ogre barely misses you.
You slash the ogre!
The ogre is severely wounded.
The ogre hits you with a giant club!
You die...

...# .. ....# ... #....
.... #....# # ####
#.... #.....#.##..##
#.....
#......##....##......
#.............O.....?
#...)........@)......
###....).##....##......
#.......#.##..##. .....
# #.....#.#.####.# ....
#.#.....##.#....#.# ...
#......#.##......# ..
......#.#..........# .
####..##............
#.#..............


You could see an ogre.

Vanquished Creatures
  Natasha (twice) (D:2)
  A gnoll (D:1)
  2 adders (D:3)
  2 worms
  2 dart slugs
  A leopard gecko (D:2)
  A ball python (D:1)
  8 bats
  4 giant cockroaches
  6 goblins
  5 hobgoblins
  3 jackals (D:1)
  3 frilled lizards (D:1)
  10 kobolds
  5 rats (D:1)
55 creatures vanquished.

Notes
Turn   | Place    | Note
-------+----------+-------------------------------------------
     0 | D:1      | wnhky the Minotaur Fighter began the quest for the Orb.
     0 | D:1      | Reached XP level 1. HP: 19/19 MP: 0/0
   119 | D:1      | Reached XP level 2. HP: 13/27 MP: 1/1
   583 | D:1      | Reached XP level 3. HP: 27/33 MP: 2/2
   987 | D:2      | Reached skill level 1 in Dodging
  1031 | D:2      | Noticed Natasha
  1038 | D:2      | Killed Natasha
  1038 | D:2      | Reached XP level 4. HP: 22/40 MP: 3/3
  1239 | D:2      | Noticed Natasha
  1244 | D:2      | Killed Natasha
  1933 | D:3      | Reached XP level 5. HP: 44/47 MP: 4/4
  1996 | D:3      | Noticed an ogre
  2003 | D:3      | HP: 1/47 [ogre/giant club (18)]
  2005 | D:3      | Slain by an ogre

Skill      XL: |  1  2  3 |
---------------+----------+-----
Armour         | 4 |  4.7
Shields        | 4 |  4.6
Fighting       | 4 |  4.5
Dodging        | 1 |  1.2
Axes           | 3 |  3.4

Action                   |  1- 3 |  4- 6 || total
-------------------------+-------+-------++-------
Melee: War axe           |    99 |    56 ||   155
       Headbutt          |    18 |     8 ||    26
  Eat: Chunk             |       |     2 ||     2
       Royal jelly       |       |     1 ||     1
Armor: Scale mail        |    56 |    17 ||    73
Dodge: Dodged            |    35 |    16 ||    51
Block: Shield            |    68 |    28 ||    96
